 Dungeon Crawl Stone Soup version 0.31.0-9-g3a7656b989 (webtiles) character file.

Game seed: 6879801920011505860

60 qw the Shooter (level 3, -3/20 HPs)
             Began as a Deep Elf Hunter on Feb 2, 2024.
             Slain by Blork the orc
             ... wielding a +2 mace of pain
              (9 damage)
             ... on level 6 of the Dungeon.
             The game lasted 00:00:08 (2500 turns).

qw the Shooter (Deep Elf Hunter)                    Turns: 2500, Time: 00:00:08

Health: -3/20      AC:  7    Str: 13    XL:     3   Next: 82%
Magic:  5/5        EV: 11    Int: 13    God:
Gold:   146        SH:  0    Dex: 18    Spells: 2/2 levels left

rFire   . . .        a - +1 shortbow
rCold   . . .        (shield currently unavailable)
rNeg    . . .        n - +1 ring mail of the Blue God {rCorr Str+3 SInv}
rPois   .            (no helmet)
rElec   .            j - +0 cloak
rCorr   +            (no gloves)
SInv    +            (no boots)
Will    .....        (no amulet)
Stlth   +            (no ring)
HPRegen 0.23/turn    (no ring)
MPRegen 0.09/turn

%: no passive effects
@: about to teleport, hasted, very quick
A: no striking features
a: no special abilities


You were on level 6 of the Dungeon.
You visited 1 branch of the dungeon, and saw 5 of its levels.

You collected 146 gold pieces.


   Skills:
 - Level 1.5 Fighting
 + Level 7.3 Ranged Weapons
 - Level 2.4 Dodging
 - Level 1.2 Stealth


You had 2 spell levels left.
You didn't know any spells.
Your spell library was empty.

Inventory:

Hand Weapons
 a - a +1 shortbow (weapon)
Armour
 j - a +0 cloak (worn)
 n - the +1 ring mail of the Blue God (worn) {rCorr Str+3 SInv}
   (You found it on level 3 of the Dungeon)

   Str+3:     It affects your strength (+3).
   SInv:      It lets you see invisible.
   rCorr:     It protects you from acid and corrosion.
Wands
 b - a wand of quicksilver (3)
 l - a wand of mindburst (6)
Scrolls
 d - 3 scrolls of identify
Potions
 f - a potion of might
 g - a potion of heal wounds
 i - a potion of resistance
 m - a potion of lignification {unknown}
 o - a potion of mutation {unknown}

Dungeon Overview and Level Annotations

Branches:
Dungeon (6/15)
 Temple: D:4-7

Altars:
Uskayaw

Shops:
D:1 =

Annotations:
D:3 2 transporters, qw's ghost, amateur DjHu
D:6 Blork the orc


Message History

You fall into a shaft and drop 2 floors!
The shaft crumbles and collapses.
You now have 146 gold pieces (gained 18).
Found a stone staircase leading down.
Waypoint 4 assigned to D:6.
Blork the orc comes into view.
He is wielding a +2 mace of pain.
2488 ||| DRINKING potion of haste.
You feel yourself speed up.
You shoot an arrow. The arrow hits Blork the orc!
Blork the orc shouts!
Blork the orc is moderately wounded.
You shoot an arrow. The arrow hits Blork the orc.
Blork the orc is moderately wounded.
Blork the orc screams, "You are the ugliest creature I've ever seen!"
You shoot an arrow.
The arrow hits Blork the orc but does no damage.
Blork the orc is moderately wounded.
You shoot an arrow. The arrow barely misses Blork the orc.
Blork the orc points at you and mumbles some strange words.
The magic dart hits you.
You shoot an arrow. The arrow hits Blork the orc!
Blork the orc is heavily wounded.
Blork the orc points at you and mumbles some strange words.
The magic dart hits you.
You shoot an arrow. The arrow closely misses Blork the orc.
You shoot an arrow. The arrow closely misses Blork the orc.
You shoot an arrow. The arrow hits Blork the orc.
Blork the orc is severely wounded.
Blork the orc points at you and mumbles some strange words.
The puff of flame hits you.
You shoot an arrow. The arrow hits Blork the orc!
Blork the orc is almost dead.
Blork the orc hits you with a +2 mace of pain.
You shoot an arrow. The arrow barely misses Blork the orc.
You shoot an arrow. The arrow closely misses Blork the orc.
Blork the orc hits you with a +2 mace of pain.
2500 ||| READING scroll of teleportation.
As you read the scroll of teleportation, it crumbles to dust.
You feel strangely unstable.
Blork the orc hits you with a +2 mace of pain!
You die...

. .... .. #.
#..# .#
###.##..##.###.
...............
....>..........
.........$.....
........o......
#.@####
##..##.##
#.......#
#.......#
#.......#
#.......#
#########


You could see Blork the orc.

Vanquished Creatures
  An adder (D:4)
  3 dart slugs
  4 orcs
  4 ball pythons
  An endoplasm (D:3)
  3 giant cockroaches
  3 goblins
  2 hobgoblins
  2 jackals (D:4)
  3 kobolds
  A quokka (D:1)
  5 bats
  3 frilled lizards
  4 rats
39 creatures vanquished.

Notes
Turn   | Place    | Note
-------+----------+-------------------------------------------
     0 | D:1      | qw the Deep Elf Hunter began the quest for the Orb.
     0 | D:1      | Reached XP level 1. HP: 12/12 MP: 3/3
     0 | D:1      | 0 ||| qw: Version: 0.3-a-155-g5e7d8dd
     0 | D:1      | 0 ||| qw: Game counter: 172
     0 | D:1      | 0 ||| qw: Melee chars always use a shield: true
     0 | D:1      | 0 ||| qw: God list: Okawaru
     0 | D:1      | 0 ||| qw: Allow faded altars: false
     0 | D:1      | 0 ||| qw: Do Orc after clearing Dungeon:15 true
     0 | D:1      | 0 ||| qw: Do second Lair branch before Depths: true
     0 | D:1      | 0 ||| qw: Lair rune preference: random
     0 | D:1      | 0 ||| qw: Goals: Normal
     0 | D:1      | 0 ||| PLANNING D:1-11
   308 | D:1      | Found Vodenadeott's Jewellery Shoppe.
   311 | D:1      | 311 ||| SHOPLISTING amulet of guardian spirit (420 gold,
                  | have 10).
   311 | D:1      | 311 ||| SHOPLISTING amulet of reflection (420 gold, have
                  | 10).
   311 | D:1      | 311 ||| SHOPLISTING amulet of regeneration (420 gold, have
                  | 10).
   311 | D:1      | 311 ||| SHOPLISTING ring of protection from fire (350 gold,
                  | have 10).
   311 | D:1      | 311 ||| SHOPLISTING ring of willpower (350 gold, have 10).
   325 | D:1      | Reached XP level 2. HP: 16/16 MP: 4/4
   326 | D:1      | Reached skill level 6 in Ranged Weapons
   639 | D:1      | 639 ||| UPGRADING to +0 ring mail.
   649 | D:1      | 649 ||| DROPPING +0 leather armour.
   650 | D:1      | 650 ||| DROPPING ring of wizardry.
   651 | D:1      | 651 ||| READING 2 scrolls labelled YROUSE EJEUHE.
   652 | D:1      | 652 ||| READING 2 scrolls labelled IRATI GEZI.
   653 | D:1      | 653 ||| READING scroll labelled MUUSTO ZOUCA.
   654 | D:1      | 654 ||| READING scroll labelled COOPHE VOSOO.
   654 | D:1      | 654 ||| ENCHANTING +0 shortbow.
   655 | D:1      | 655 ||| DRINKING 2 ruby potions.
   656 | D:1      | 656 ||| DROPPING scroll of butterflies.
   657 | D:1      | 657 ||| DROPPING scroll of revelation.
   658 | D:1      | 658 ||| DROPPING scroll of fear.
  1063 | D:2      | Reached XP level 3. HP: 20/20 MP: 5/5
  1069 | D:2      | Identified the +0 chain mail of Henotheism {-Tele rC+ Str+2
                  | Slay+2}
  1127 | D:2      | Found a faded altar of an unknown god.
  1285 | D:2      | 1285 ||| UPGRADING to +0 cloak.
  1290 | D:2      | 1290 ||| READING 2 scrolls labelled KAATEI WIOMN.
  1293 | D:2      | 1293 ||| READING scroll labelled SUITIURUIQ.
  1294 | D:2      | 1294 ||| READING scroll labelled ELAL EGUCAMU.
  1294 | D:2      | 1294 ||| IDENTIFYING puce potion
  1295 | D:2      | 1295 ||| DROPPING potion of brilliance.
  1369 | D:3      | Noticed qw's ghost (amateur DjHu)
  1377 | D:3      | Found a transporter.
  1407 | D:3      | Found a transporter.
  1864 | D:3      | Found a hide-covered altar of Uskayaw.
  1877 | D:3      | Identified the +1 ring mail of the Blue God {rCorr Str+3
                  | SInv}
  1911 | D:3      | Reached skill level 7 in Ranged Weapons
  2205 | D:3      | 2205 ||| UPGRADING to +1 ring mail of the Blue God {rCorr
                  | Str+3 SInv}.
  2215 | D:3      | 2215 ||| DROPPING +0 ring mail.
  2216 | D:3      | 2216 ||| READING 2 scrolls of identify.
  2216 | D:3      | 2216 ||| IDENTIFYING blue potion
  2217 | D:3      | 2217 ||| READING scroll of identify.
  2217 | D:3      | 2217 ||| IDENTIFYING fuming black potion
  2218 | D:3      | 2218 ||| READING scroll labelled MABISK BAIFUHU.
  2319 | D:3      | 2319 ||| DRINKING 2 murky yellow potions.
  2480 | D:4      | You fall into a shaft and drop 2 floors!
  2487 | D:6      | Noticed Blork the orc
  2488 | D:6      | 2488 ||| DRINKING potion of haste.
  2499 | D:6      | HP: 5/20 [Blork the orc/+2 mace of pain (4)]
  2500 | D:6      | 2500 ||| READING scroll of teleportation.
  2500 | D:6      | Slain by Blork the orc

Levels and vault maps discovered:
D:1:      minmay_arrival_jagged, layout_loops_cross, serial_shops,
          nicolae_shop_stone, nrook_mini_vaults, chequers_serial_rivers_large_a,
          columned_hall_lemuel, minmay_pentomino_x2
D:2:      layout_basic, ebering_ecumenical_altar_hall
D:3:      layout_basic, nicolae_uskayaw_dance_hall, gammafunk_ghost_stat_death
D:4:      wander_river, layout_loops_ring, mainiacjoe_overflow_catwalk_spiral
D:6:      layout_gridville, mainiacjoe_overflow_surrounded_room,
          ebering_ghost_rock_garden, serial_library_hellmonk_filled_rooms,
          uniq_blork_the_orc

Skill      XL: |  1  2  3 |
---------------+----------+-----
Ranged Weapons | 6 7 |  7.3
Fighting       | |  1.5
Dodging        | |  2.4
Stealth        | |  1.2

Action                     || total
---------------------------++-------
   Fire: Shortbow          ||   114
    Use: Scroll            ||    11
         Potion            ||     3
 Armour: Leather armour    ||     2
         Ring mail         ||    18
  Dodge: Dodged            ||    21

Table legend:
 A = Non-vault XP
 B = Vault XP
 C = Vault XP percentage of total XP
 D = Non-vault monster count
 E = Vault monster count
 F = Vault count percentage of total count
                 A         B        C        D         E       F
            +---------+---------+-------+---------+---------+-------
      Total |      85 |       2 |   2.3 |      37 |       2 |   5.1
            +---------+---------+-------+---------+---------+-------
        D:1 |      23 |       2 |   8.0 |      11 |       2 |  15.4
        D:2 |      18 |       0 |   0.0 |      11 |       0 |   0.0
        D:3 |      24 |       0 |   0.0 |      11 |       0 |   0.0
        D:4 |      20 |       0 |   0.0 |       4 |       0 |   0.0
            +---------+---------+-------+---------+---------+-------
